 Dungeon Crawl Stone Soup version 0.28-a0-932-g843f935a50 (webtiles) character file.

Game seed: 6500909277683139112

394 Decritt the Skirmisher (level 6, 0/56 HPs)
             Began as a Minotaur Fighter on Nov 27, 2021.
             Slain by Prince Ribbit (10 damage)
             ... on level 5 of the Dungeon.
             The game lasted 00:10:25 (4402 turns).

Decritt the Skirmisher (Minotaur Fighter)           Turns: 4402, Time: 00:10:26

Health: 0/56       AC:  8    Str: 22    XL:     6   Next: 52%
Magic:  5/5        EV: 11    Int:  5    God:
Gold:   237        SH:  4    Dex: 10    Spells: 5/5 levels left

rFire   . . .      SeeInvis .   a - +0 war axe
rCold   . . .      Faith    .   c - +0 buckler
rNeg    . . .      Spirit   .   b - +0 scale mail
rPois   +          Reflect  .   j - +0 hat
rElec   .          Harm     .   (no cloak)
rCorr   .          Rampage  .   q - +0 pair of gloves
Will    .....                   (no boots)
Stlth   ..........              (no amulet)
HPRegen 0.18/turn               k - ring of poison resistance
MPRegen 0.09/turn               (no ring)

@: no status effects
A: horns 2, retaliatory headbutt
a: no special abilities


You were on level 5 of the Dungeon.
You visited 1 branch of the dungeon, and saw 5 of its levels.

You collected 237 gold pieces.

Inventory:

Hand Weapons
 a - a +0 war axe (weapon)
Missiles
 e - 5 javelins
 o - 9 boomerangs (quivered)
Armour
 b - a +0 scale mail (worn)
 c - a +0 buckler (worn)
 j - a +0 hat (worn)
 q - a +0 pair of gloves (worn)
Jewellery
 k - a ring of poison resistance (left hand)
Scrolls
 g - a scroll of silence {unknown}
 i - 2 scrolls of fear {unknown}
 l - 2 scrolls of identify {unknown}
 p - a scroll of enchant weapon {unknown}
 r - a scroll of holy word {unknown}
 t - a scroll of fog {unknown}
 u - a scroll of torment {unknown}
Potions
 d - a potion of might
 f - a potion of invisibility {unknown}
 h - a potion of curing {unknown}
 m - a potion of berserk rage {unknown}
 n - a potion of flight {unknown}
 s - a potion of degeneration {unknown}


   Skills:
 + Level 5.2 Fighting
 + Level 4.4 Axes
 + Level 1.4 Throwing
 + Level 5.1 Armour
 + Level 3.2 Dodging
 - Level 4.0 Shields


You had 5 spell levels left.
You didn't know any spells.
Your spell library was empty.

Dungeon Overview and Level Annotations

Branches:
Dungeon (5/15)
 Temple: D:4-7

Altars:
Dithmenos
Nemelex Xobeh

Annotations:
D:3 2 transporters, paps's ghost, amateur OpDe
D:5 Prince Ribbit


Innate Abilities, Weirdness & Mutations

You have a pair of horns on your head.
You reflexively headbutt those who attack you in melee.


Message History

You throw a boomerang. The boomerang hits Prince Ribbit!
Prince Ribbit is almost dead.
You barely miss Prince Ribbit.
Prince Ribbit is almost dead.
Prince Ribbit closely misses you.
Prince Ribbit blinks!
You throw a boomerang.
The boomerang barely misses Prince Ribbit.
You throw a boomerang. The boomerang misses Prince Ribbit.
Prince Ribbit hops awkwardly around.
Prince Ribbit blinks!
No target in view!
No target in view!
No target in view!
No target in view!
You start resting.
Prince Ribbit is nearby!
You throw a boomerang.
The boomerang completely misses Prince Ribbit.
Prince Ribbit blinks!
You throw a boomerang.
The boomerang closely misses Prince Ribbit.
You miss Prince Ribbit.
Prince Ribbit is almost dead.
Prince Ribbit misses you. You furiously retaliate!
You headbutt Prince Ribbit.
Prince Ribbit hits you but does no damage.
You hit Prince Ribbit.
Prince Ribbit is almost dead.
Prince Ribbit hits you!
* * * LOW HITPOINT WARNING * * *
Prince Ribbit blinks!
You throw a boomerang.
The boomerang completely misses Prince Ribbit.
Prince Ribbit hits you!
* * * LOW HITPOINT WARNING * * *
You barely miss Prince Ribbit. Your headbutt misses Prince Ribbit.
Prince Ribbit is almost dead.
Prince Ribbit hits you!
* * * LOW HITPOINT WARNING * * *
Prince Ribbit hits you!
You die...

###########
#########......(...
#..................
#..######..........
##.# #..........
#.# #.......... #F#
#.......... #@#
#.......... #.#
#.......... #.#
#####.<..## #.#
#...### #.# #...##.
#.# #...##. #.#
#...... #.#
#....### #....#


You could see Prince Ribbit.

Vanquished Creatures
  An orc priest (D:3)
  2 centaur skeletons
  2 bullfrog skeletons (D:4)
  An iguana (D:4)
  An orc wizard (D:2)
  A hound skeleton (D:4)
  4 adders
  An ufetubus (D:5)
  An adder skeleton (D:4)
  A worm (D:3)
  2 dart slugs
  15 orcs
  6 endoplasms
  3 giant cockroaches
  9 goblins
  13 hobgoblins
  15 jackals
  5 quokkas
  8 ball pythons
  9 bats
  4 frilled lizards
  6 kobolds
  7 rats
117 creatures vanquished.

Notes
Turn   | Place    | Note
-------+----------+-------------------------------------------
     0 | D:1      | Decritt the Minotaur Fighter began the quest for the Orb.
     0 | D:1      | Reached XP level 1. HP: 19/19 MP: 0/0
   112 | D:1      | Reached XP level 2. HP: 21/27 MP: 1/1
   186 | D:1      | Reached skill level 1 in Dodging
   402 | D:1      | Reached XP level 3. HP: 33/33 MP: 2/2
   434 | D:1      | Found a faded altar of an unknown god.
  1190 | D:2      | Reached XP level 4. HP: 38/40 MP: 3/3
  1620 | D:3      | Found a transporter.
  1625 | D:3      | Noticed paps's ghost (amateur OpDe)
  1689 | D:3      | Found a transporter.
  2402 | D:2      | Reached XP level 5. HP: 15/47 MP: 4/4
  3066 | D:4      | Found a shadowy altar of Dithmenos.
  3373 | D:4      | Found a sparkling altar of Nemelex Xobeh.
  3463 | D:4      | Reached XP level 6. HP: 53/55 MP: 5/5
  3479 | D:4      | Reached skill level 5 in Fighting
  3537 | D:4      | Reached skill level 1 in Throwing
  3537 | D:4      | Reached skill level 5 in Armour
  4341 | D:5      | Entered Level 5 of the Dungeon
  4381 | D:5      | Noticed Prince Ribbit
  4402 | D:5      | Slain by Prince Ribbit

Illustrated notes

Levels and vault maps discovered:
D:1:      ncdulo_wetmaze, layout_rooms, basic_ecumenical_altar
D:2:      layout_basic
D:3:      layout_basic, gammafunk_ghost_stat_death, st_stairs_2
D:4:      layout_basic, nicolae_overflow_squiral, serial_corexii_hall,
          corexii_hall_statues_i, corexii_hall_statues_x, dk_noncrumbling_4,
          roderic_roman_lattice, kennysheep_nondescript
D:5:      minmay_spotlight, layout_rooms, corexii_leaking_fountain,
          minmay_misc_feat_columns, nicolae_elevator_lobby_asterisk,
          uniq_eustachio, uniq_prince_ribbit1

Skill      XL: |  1  2  3  4  5  6 |
---------------+-------------------+-----
Dodging        | 1 2 3 |  3.2
Armour         | 4 5 |  5.1
Fighting       | 4 5 |  5.2
Shields        | 4 |  4.0
Axes           | 3 4 |  4.4
Throwing       | 1 |  1.4

Action                   |  1- 3 |  4- 6 || total
-------------------------+-------+-------++-------
Melee: War axe           |    83 |   169 ||   252
       Headbutt          |    13 |    30 ||    43
Throw: Javelin           |     3 |       ||     3
       Boomerang         |       |    25 ||    25
Armor: Scale mail        |    40 |    79 ||   119
Dodge: Dodged            |    55 |   123 ||   178
Block: Buckler           |    16 |    35 ||    51

Table legend: (Time is in decaauts)
 A = Elapsed time spent in this place.
 B = Non-inter-level travel time spent in this place.
 C = Inter-level travel time spent in this place.
 D = Time resting spent in this place.
 E = Time spent auto-exploring this place.
 F = Levels seen in this place.
 G = Mean time per level.
                   A        B        C        D        E       F      G
               +--------+--------+--------+--------+--------+-----+--------+
         Total |   4504 |   4356 |    148 |   1048 |   2385 |   5 |  900.8 |
       Dungeon |   4504 |   4356 |    148 |   1048 |   2385 |   5 |  900.8 |
               +--------+--------+--------+--------+--------+-----+--------+

Top non-repeatable levels by time:
     D:2: 1505 daAuts
     D:4: 1311 daAuts
     D:3: 929 daAuts
     D:1: 691 daAuts
     D:5: 66 daAuts
